 Dungeon Crawl Stone Soup version 0.30.1 (webtiles) character file.

Game seed: 3012956038804846248

938 shmup the Firebug (level 8, -6/46 HPs)
             Began as a Tengu Fire Elementalist on July 9, 2023.
             Was a Follower of Sif Muna.
             Shot with an arrow by a centaur (14 damage)
             ... on level 6 of the Dungeon.
             The game lasted 00:27:26 (5139 turns).

shmup the Firebug (Tengu Fire Elementalist)         Turns: 5139, Time: 00:27:26

Health: -6/46      AC:  2    Str:  9    XL:     8   Next: 12%
Magic:  0/13       EV: 15    Int: 18    God:    Sif Muna [*.....]
Gold:   222        SH:  0    Dex: 14    Spells: 10/13 levels left

rFire   . . .        b - +4 dagger (venom)
rCold   . . .        (no shield)
rNeg    . . .        k - +0 robe
rPois   +            (helmet restricted)
rElec   .            (no cloak)
rCorr   .            (no gloves)
SInv    .            (boots unavailable)
Will    .....        t - amulet of guardian spirit
Stlth   ++           q - ring of poison resistance
HPRegen 0.27/turn    (no ring)
MPRegen 0.13/turn

%: guardian spirit
@: marked, flying quickly and evasively, quick
A: beak, talons 3, nimble flight
a: Renounce Religion, Channel Magic


You were on level 6 of the Dungeon.
You worshipped Sif Muna.
Sif Muna was aware of your devotion.
You visited 2 branches of the dungeon, and saw 7 of its levels.

You collected 264 gold pieces.
You spent 42 gold pieces at shops.

Inventory:

Hand Weapons
 a - a +4 short sword
 b - a +4 dagger of venom (weapon)
 o - a +0 sling
Missiles
 e - 29 stones (quivered)
Armour
 c - a +1 chain mail of fire resistance
 k - a +0 robe (worn)
Magical Staves
 r - a staff of conjuration
Jewellery
 q - a ring of poison resistance (left hand)
 t - an amulet of guardian spirit (around neck)
Scrolls
 d - 2 scrolls of poison
 h - a scroll of blinking
 i - a scroll of noise {unknown}
 j - a scroll of brand weapon {unknown}
 p - a scroll of amnesia {unknown}
 u - a scroll of fear
 y - a scroll of enchant armour {unknown}
Potions
 g - 4 potions of degeneration
 l - 2 potions of invisibility
 m - 2 potions of flight
 n - 2 potions of curing
 s - a potion of mutation {unknown}
 w - a potion of resistance {unknown}
 x - a potion of magic
 z - a potion of might {unknown}


   Skills:
 - Level 3.0 Fighting
 + Level 3.6 Dodging
 + Level 3.4 Stealth
 + Level 3.1 Spellcasting
 + Level 3.6 Conjurations
 * Level 7.8 Fire Magic


You had 10 spell levels left.
You knew the following spells:

 Your Spells              Type           Power      Damage    Failure   Level
a - Foxfire               Conj/Fire      92%        2x1d8     1%          1
b - Scorch                Fire           60%        2d7       1%          2

Your spell library contained the following spells:

 Spells                   Type           Power      Damage    Failure   Level
 Inner Flame              Hex/Fire       16%        N/A       10%         3
 Volatile Blastmotes      Fire/Tloc      32%        2d12      10%         3
 Flame Wave               Conj/Fire      23%        2d8       16%         4


Dungeon Overview and Level Annotations

Branches:
Dungeon (6/15)             Temple (1/1) D:4

Altars:
Cheibriados
Dithmenos
Elyvilon
Gozag
Hepliaklqana
Kikubaaqudgha
Makhleb
Nemelex Xobeh
Okawaru
Qazlal
Sif Muna
Trog
Uskayaw
Wu Jian
Yredelemnul
The Shining One

Shops:
D:4 *

Annotations:
D:2 exclusion: 2 downstairs
D:3 Grinder
D:5 Eustachio


Innate Abilities, Weirdness & Mutations

You have a beak for a mouth.
You have claws for feet.
Your magical nature lets you fly swiftly and evasively.


Message History

You hit the kobold brigand.
The kobold brigand looks as sick as possible!
The kobold brigand is severely wounded.
The kobold brigand hits you with a +0 dagger.
You hit the kobold brigand but do no damage.
The kobold brigand looks as sick as possible!
You claw the kobold brigand. Your peck misses the kobold brigand.
The kobold brigand is almost dead.
You kill the kobold brigand!
Sif Muna accepts your kill.
A howler monkey comes into view.
You completely miss the kobold. You claw the kobold, but do no damage.
Your peck misses the kobold. The kobold completely misses you.
You hit the kobold.
You kill the kobold!
Sif Muna accepts your kill.
A centaur comes into view.
An adder comes into view.
The centaur wields a +0 shortbow.
The centaur shoots an arrow.
The arrow hits you!
The centaur shoots an arrow.
The arrow hits you.
* * * LOW HITPOINT WARNING * * *
The centaur shoots an arrow.
The arrow completely misses you.
The howler monkey hits you but does no damage.
The centaur shoots an arrow.
The arrow hits you.
* * * LOW HITPOINT WARNING * * *
The centaur shoots an arrow.
The arrow hits you.
* * * LOW HITPOINT WARNING * * *
An iguana comes into view.
The centaur shoots an arrow.
The arrow misses you.
You hit the iguana.
The iguana is poisoned.
You claw the iguana. You peck the iguana, but do no damage.
The iguana is heavily wounded.
The centaur shoots an arrow.
The arrow barely misses you. The iguana bites you!
* * * LOW HITPOINT WARNING * * *
The howler monkey barely misses you.
The howler monkey attacks as you move away!
The howler monkey barely misses you.
The howler monkey hoots and howls with incredible vigour!
The centaur shoots an arrow.
The arrow hits you!
You die...

.▒. ▒...........▒ .O.....
...▒▒▒...........▒▒▒K)...▒▒
▒..[............K)s)O.....
▒..............S▒▒S▒▒.▒...
▒..........c....▒▒.▒ ...
▒..............s▒▒.▒ ...K
▒.............Kh▒▒.▒.....
▒.............O.▒▒.▒...
▒......▒▒▒▒▒▒▒Ql.......
▒......▒▒▒▒▒▒▒▒▒▒▒.▒▒..▒▒
▒▒▒▒.........%...<.......
▒.........▒▒▒▒.▒.▒...▒▒
▒.........▒ ▒.▒....▒▒
▒.........▒ ▒.▒▒▒▒.▒
.....▒....▒▒▒▒▒.▒ ..
▒▒▒...▒.▒▒.......▒.▒ ▒▒
.....▒............▒


You could see an ogre, a centaur, a scorpion, a howler monkey, an iguana (very
poisoned), an adder and 2 kobolds.

Vanquished Creatures
  A water moccasin (D:4)
  A black bear (D:5)
  A centaur (D:6)
  3 phantoms (D:4)
  A kobold brigand (D:6)
  A scorpion (D:5)
  2 jellies (D:2)
  A gnoll bouda (D:5)
  8 gnolls
  7 adders
  An ufetubus (D:4)
  A dart slug (D:2)
  4 worms
  6 orcs
  A bat (D:1)
  12 endoplasms
  2 giant cockroaches
  4 goblins
  9 hobgoblins
  4 jackals (D:1)
  6 ball pythons
  18 kobolds
  6 rats
100 creatures vanquished.

Vanquished Creatures (others)
  109 foxfires
109 creatures vanquished.

Grand Total: 209 creatures vanquished

Notes
Turn   | Place    | Note
-------+----------+-------------------------------------------
     0 | D:1      | shmup the Tengu Fire Elementalist began the quest for the
                  | Orb.
     0 | D:1      | Reached XP level 1. HP: 10/10 MP: 4/4
    29 | D:1      | Found a faded altar of an unknown god.
   193 | D:1      | Reached XP level 2. HP: 15/15 MP: 4/6
   292 | D:1      | Reached skill level 4 in Fire Magic
  1159 | D:2      | Reached XP level 3. HP: 16/19 MP: 4/7
  1203 | D:2      | Reached skill level 5 in Fire Magic
  1396 | D:2      | Reached XP level 4. HP: 21/24 MP: 6/8
  1524 | D:2      | Learned a level 2 spell: Scorch
  1658 | D:2      | Reached skill level 6 in Fire Magic
  2186 | D:2      | Gained mutation: Your magical nature lets you fly swiftly
                  | and evasively. [Tengu growth]
  2186 | D:2      | Reached XP level 5. HP: 23/28 MP: 2/9
  2580 | D:3      | Noticed Grinder
  2673 | D:3      | Noticed an ice beast
  2674 | D:3      | Found a burning altar of Makhleb.
  2896 | D:4      | Noticed a phantom
  2991 | D:4      | Noticed a water moccasin
  3008 | D:4      | Killed a water moccasin
  3009 | D:4      | Reached skill level 1 in Fighting
  3009 | D:4      | Reached XP level 6. HP: 3/34 MP: 0/10
  3314 | D:4      | Found a staircase to the Ecumenical Temple.
  3323 | Temple   | Entered the Ecumenical Temple
  3530 | Temple   | Became a worshipper of Sif Muna the Loreminder
  3845 | D:4      | Reached skill level 7 in Fire Magic
  3845 | D:4      | Reached XP level 7. HP: 40/40 MP: 2/11
  4033 | D:4      | Found Yzol's General Store.
  4039 | D:4      | Bought a potion of curing for 42 gold pieces
  4394 | D:5      | Entered Level 5 of the Dungeon
  4697 | D:5      | Noticed Eustachio
  5051 | D:6      | Reached XP level 8. HP: 35/46 MP: 4/13
  5120 | D:6      | Reached * piety under Sif Muna
  5139 | D:6      | Shot with an arrow by a centaur

Illustrated notes

Levels and vault maps discovered:
D:1:      amcnicky_arrival_gap_in_the_tavern_cellar, layout_loops_ring,
          ebering_ecumenical_altar_petrified, minivault_5
D:2:      cheibrodos_fertilizer, layout_loops_ring
D:3:      layout_rooms, bloody_makhleb, nicolae_wormholes, uniq_jessica,
          uniq_grinder
D:4:      layout_loops_cross, minmay_temple_entry_sparse_star, serial_shops,
          shop
D:5:      layout_loops_cross, mainiacjoe_overflow_boulevard, serial_shops, shop,
          eino_small_chamber_without_monster, uniq_crazy_yiuf_cottage,
          uniq_eustachio
D:6:      layout_basic, nicolae_vehumet_radiance
Temple:   nicolae_temple_bog_church

Skill      XL: |  1  2  3  4  5  6  7 |
---------------+----------------------+-----
Fire Magic     | 4 5 6 7 |  7.8
Fighting       | 1 2 3 |  3.0
Conjurations   | 2 3 |  3.6
Dodging        | 3 |  3.6
Stealth        | 3 |  3.4
Spellcasting   | 3 |  3.1

Action                     |  1- 3 |  4- 6 |  7- 9 || total
---------------------------+-------+-------+-------++-------
  Melee: Unarmed           |     7 |       |       ||     7
         Peck              |     4 |     4 |     5 ||    13
         Dagger            |     4 |       |    25 ||    29
         Short sword       |     8 |    25 |       ||    33
         Kick              |     3 |     8 |    10 ||    21
   Cast: Foxfire           |    40 |    21 |     6 ||    67
         Scorch            |       |    43 |    19 ||    62
    Use: Scroll            |       |       |     8 ||     8
   Stab: Sleeping          |       |     1 |       ||     1
 Armour: Robe              |    12 |    10 |     2 ||    24
  Dodge: Dodged            |    38 |    31 |    28 ||    97
